 Dungeon Crawl Stone Soup version 0.29-a0-830-gcb1280458a (webtiles) character file.

Game seed: 17479010214274520704

7 LynnLen the Sneak (level 1, 0/11 HPs)
             Began as a Vampire Enchanter on July 11, 2022.
             Killed from afar by a dart slug (2 damage)
             ... with a slug dart
             ... on level 1 of the Dungeon.
             The game lasted 00:00:57 (198 turns).

LynnLen the Sneak (Vampire Enchanter)                Turns: 198, Time: 00:00:58

Health: 0/11       AC:  3    Str:  7    XL:     1   Next: 91%
Magic:  3/3        EV: 11    Int: 17    God:
Gold:   0          SH:  0    Dex: 14    Spells: 4/4 levels left

rFire   . . .      SeeInvis +   a - +1 dagger
rCold   + + .      Faith    .   (no shield)
rNeg    + + +      Spirit   .   e - +0 leather armour
rPois   ∞          Reflect  .   (no helmet)
rElec   .          Harm     .   (no cloak)
rCorr   .          Rampage  .   (no gloves)
Will    .....                   (no boots)
Stlth   +++++.....              (no amulet)
HPRegen 0.00/turn               (no ring)
MPRegen 0.08/turn               (no ring)

@: bloodless, inhibited regen
A: bloodless, fangs 3, see invisible, vampiric 1
a: Revivify


You were on level 1 of the Dungeon.
You visited 1 branch of the dungeon, and saw 1 of its levels.

Inventory:

Hand Weapons
 a - a +1 dagger (weapon)
Missiles
 i - 4 boomerangs (quivered)
Armour
 b - a +0 robe
 e - a +0 leather armour (worn)
 f - a +0 pair of gloves
Jewellery
 d - an amulet of faith
Scrolls
 h - a scroll of enchant armour {unknown}
Potions
 c - 2 potions of invisibility
 g - 2 potions of brilliance {unknown}


   Skills:
 * Level 0.4 Fighting
 * Level 1.4 Short Blades
 + Level 2.2 Dodging
 + Level 4.7 Stealth
 - Level 2.0 Spellcasting
 - Level 4.4 Hexes


You had 4 spell levels left.
You didn't know any spells.
Your spell library contained the following spells:

 Spells                   Type           Power      Damage    Failure   Level
 Confusing Touch          Hex            16%        N/A       14%         3
 Tukima's Dance           Hex            16%        N/A       14%         3
 Ensorcelled Hibernation  Hex/Ice        18%        N/A       19%         2
 Dazzling Flash           Conj/Hex       18%        N/A       34%         3


Dungeon Overview and Level Annotations

Branches:
Dungeon (1/15)

Altars:


Innate Abilities, Weirdness & Mutations

You do not regenerate when monsters are visible.
You are frail without blood (-20% HP).
You can heal yourself when you bite living creatures.
You are immune to poison.
You have razor-sharp teeth.
You have supernaturally acute eyesight. (SInv)
You are afflicted with vampirism.


Message History

Things that are here:
a +0 club; a goblin corpse The ball python attacks as you move away!
The ball python misses you.
You closely miss the ball python.
The ball python bites you but does no damage.
The ball python misses you.
You hit the ball python.
The ball python is moderately wounded.
The ball python bites you. The ball python grabs you.
The ball python constricts you.
You hit the ball python.
You kill the ball python!
Things that are here:
a +0 club; a goblin corpse The goblin barely misses you.
A dart slug comes into view.
You see here a giant cockroach corpse.
You barely miss the goblin. The goblin hits you with a +0 club.
You hit the goblin but do no damage. The goblin barely misses you.
You closely miss the goblin. Your bite misses the goblin.
The goblin closely misses you.
You hit the goblin.
The goblin is severely wounded.
The goblin hits you with a +0 club.
You closely miss the goblin. Your bite misses the goblin.
The goblin is severely wounded.
The goblin hits you with a +0 club.
* * * LOW HITPOINT WARNING * * *
You hit the goblin.
You kill the goblin!
Found an escape hatch in the floor.
There is an escape hatch in the floor here.
You hit the dart slug.
The dart slug is heavily wounded.
You hit the dart slug.
The dart slug is severely wounded.
The dart slug launches a dart at you. The slug dart hits you.
You die...

♣..........♣♣....#
♣..........♣..##.#
.....w.......## .#
......♣)†)..####.#
.....♣♣♣.......$..
.##.# #.#).......
# # #...#......
#.###........
#..@w........
####.........
#..#......
....#......
####........
#####.... .... ...


You could see a dart slug.

Vanquished Creatures
  3 ball pythons (D:1)
  A giant cockroach (D:1)
  3 goblins (D:1)
7 creatures vanquished.

Notes
Turn   | Place    | Note
-------+----------+-------------------------------------------
     0 | D:1      | LynnLen the Vampire Enchanter began the quest for the Orb.
     0 | D:1      | Reached XP level 1. HP: 13/13 MP: 3/3
   198 | D:1      | Killed from afar by a dart slug

Illustrated notes

Levels and vault maps discovered:
D:1:      minmay_arrival_loop, layout_loops_ring, serial_bayou_pond_b,
          kennysheep_decorative_pillar

Action                   || total
-------------------------++-------
Melee: Dagger            ||    22
 Abil: Exsanguinate      ||     1
 Stab: Sleeping          ||     2
Armor: Leather armour    ||     3
Dodge: Dodged            ||     9

Table legend: (Time is in decaauts)
 A = Elapsed time spent in this place.
 B = Non-inter-level travel time spent in this place.
 C = Inter-level travel time spent in this place.
 D = Time resting spent in this place.
 E = Time spent auto-exploring this place.
 F = Levels seen in this place.
 G = Mean time per level.
                   A        B        C        D        E       F      G
               +--------+--------+--------+--------+--------+-----+--------+
         Total |    196 |    196 |      0 |     50 |      0 |   1 |  196.0 |
       Dungeon |    196 |    196 |      0 |     50 |      0 |   1 |  196.0 |
               +--------+--------+--------+--------+--------+-----+--------+

Top non-repeatable levels by time:
     D:1: 196 daAuts
